[Event "Early-Titled-Tuesday-Blitz-September-05-2023"]
[Site "Chess.com"]
[Date "2023.09.05"]
[Round "7"]
[White "cottage_cheese"]
[Black "C_K_G"]
[Result "1-0"]
[WhiteElo "2322"]
[BlackElo "2067"]
[TimeControl "180+1"]
[EndTime "9:17:07 PDT"]
[Termination "cottage_cheese won on time"]

1. e4 c5 2. Nf3 d6 3. d4 cxd4 4. Nxd4 Nf6 5. Nc3 a6 6. h3 e5 7.
Nde2 Be6 8. g4 Be7 9. g5 Nh5 10. h4 O-O 11. Be3 Nd7 12. Nd5 Bxd5 13. Qxd5 Rc8 14.
O-O-O Rc6 15. Qd2 Nb6 16. Nc3 Nc4 17. Bxc4 Rxc4 18. Qe2 Rxc3 19. bxc3 Nf4 20. Bxf4 exf4 21. Rd5 Qc7 22. Rh3 b5 23. Qd2 Qc4 24. Qd3 Qxa2 25. h5 Bxg5 26. Rxg5 h6 27. Rd5 Qa1+ 28. Kd2 Qg1 29. Rf3 Re8 30. Rxf4 b4 31. cxb4 Rc8 32. Rxd6 Qg5 33. Qe3 Qxh5 34. Rf5 Qh1 35. Rfd5 Qh4 36.
Qd3 Kh7 37. e5+ g6 38. Rd7 Rf8 39. Rd4 Qg5+ 40. Qe3 Qf5 41. c4 Re8 42. f4 1-0

[Event "Early-Titled-Tuesday-Blitz-September-05-2023"]
[Site "Chess.com"]
[Date "2023.09.05"]
[Round "7"]
[White "tteshan"]
[Black "IngOscarArdila"]
[Result "1-0"]
[WhiteElo "2569"]
[BlackElo "2399"]
[TimeControl "180+1"]
[EndTime "9:17:08 PDT"]
[Termination "tteshan won by checkmate"]

1. d4 Nf6 2. c4 e6 3. Nc3 Bb4 4. e3 O-O 5. Ne2 d5 6. a3 Be7 7.
Nf4 c6 8. Bd3 Nbd7 9. O-O Re8 10. cxd5 exd5 11. Qc2 Nf8 12. Bd2 Bd6 13. Rfe1 Bd7 14. e4 dxe4 15. Nxe4 Nxe4 16. Bxe4 Qh4 17. g3 Qf6 18. d5 Rac8 19. Bc3 Qh6 20. Ng2 cxd5 21.
Bxd5 Bc6 22. Rxe8 Rxe8 23. Bxc6 bxc6 24. Bd4 Ne6 25. Qxc6 Rd8 26. Bxa7 Qd2 27. b4 Ng5 28. Rf1 Nh3+ 29. Kh1 Qe2 30. Qc1 Bf8 31. Be3 Qf3 32. Qc2 h5 33. Rc1 h4 34. Re1 hxg3 35. hxg3 Rd5 36. Qe2 Qf5 37. Nf4 Qh7 38. Kg2 Nxf4+ 39. Bxf4 Rh5 40. Qe4 Rh2+ 41. Kg1 Qh3 42. Qf3 g6 43. b5 Bc5 44. a4 Bb4 45. Re8+ Kh7 46. Be5 f5 47. Rh8# 1-0

[Event "Early-Titled-Tuesday-Blitz-September-05-2023"]
[Site "Chess.com"]
[Date "2023.09.05"]
[Round "7"]
[White "UmarovSabir"]
[Black "PavelChernomordik"]
[Result "0-1"]
[WhiteElo "2315"]
[BlackElo "2496"]
[TimeControl "180+1"]
[EndTime "9:17:10 PDT"]
[Termination "PavelChernomordik won on time"]

1. e4 g6 2. d4 Bg7 3. Nc3 d6 4. Be3 a6 5. Qd2 b5 6. f3 Bb7 7. g4 Nd7 8. h4 h6 9. Nge2 c5 10. h5 g5 11. d5 Ne5 12. Ng1 Nf6 13. a4 Nc4 14. Bxc4 bxc4 15. a5 Nd7 16. Na4 Ne5 17.
Nb6 Rb8 18. Kf2 O-O 19. Ne2 e6 20. Ng3 Qf6 21. Nf5 exf5 22. gxf5 g4 23. f4 Nf3 24. Qe2 Qxb2 25. Nxc4 Qf6 26. Kg3 Nd4 27. Qxg4 Nxc2 28. Rag1 Nxe3 29. Nxe3 Rfe8 30. Kh3 Rxe4 31. Rg3 Rxe3 32. Rxe3 Bxd5 33. Rg1 Rb3 34. Rxb3 Bxb3 35.
Kh2 Bd5 36. Qg3 c4 37. Qg4 c3 38. Qg3 c2 39. Qd3 Qh4+ 40. Qh3 Qxh3+ 41. Kxh3 Kf8 0-1

[Event "Early-Titled-Tuesday-Blitz-September-05-2023"]
[Site "Chess.com"]
[Date "2023.09.05"]
[Round "7"]
[White "SpongeBob_03"]
[Black "BigPiano"]
[Result "1-0"]
[WhiteElo "2227"]
[BlackElo "2381"]
[TimeControl "180+1"]
[EndTime "9:17:12 PDT"]
[Termination "SpongeBob_03 won on time"]

1. e4 c6 2. d4 d5 3. Nc3 dxe4 4.
Nxe4 Nf6 5. Nxf6+ exf6 6. c3 Bd6 7. Nf3 O-O 8. Be3 Bf5 9. Bd3 Bxd3 10. Qxd3 Nd7 11. O-O Qc7 12. h3 Rfe8 13. Nh4 Nf8 14. Nf5 Ne6 15. g3 Bf8 16. Rae1 h5 17. Bd2 g6 18.
Nh4 Kg7 19. g4 hxg4 20. hxg4 Bd6 21. Kg2 Rh8 22. Rh1 Nf4+ 23. Bxf4 Bxf4 24. Qf3 Bg5 25. Qg3 Bf4 26. Qd3 Qd7 27. Qf3 Bg5 28. Qg3 Qd5+ 29. f3 Rh6 30. b3 Rah8 31. Nf5+ gxf5 32.
Rxh6 Rxh6 33. gxf5 Qxf5 34. Re4 Qg6 35. Rg4 Qc2+ 36. Kg1 Kh7 37. f4 Qc1+ 38. Kg2 Qd2+ 39. Kg1 Qd1+ 40. Kf2 Qd2+ 41. Kg1 Qc1+ 42. Kg2 Qh1+ 43.
Kf2 Rh2+ 44. Ke3 Qc1+ 45. Kd3 Qd2+ 46. Kc4 b5+ 47. Kc5 b4 48. Kxc6 Qxc3+ 49. Kd7 Qd3 50.
fxg5 1-0

[Event "Early-Titled-Tuesday-Blitz-September-05-2023"]
[Site "Chess.com"]
[Date "2023.09.05"]
[Round "7"]
[White "MathiasWomacka"]
[Black "vovachesss"]
[Result "0-1"]
[WhiteElo "2490"]
[BlackElo "2765"]
[TimeControl "180+1"]
[EndTime "9:17:13 PDT"]
[Termination "vovachesss won by resignation"]

1. e4 e5 2. Nf3 d5 3. exd5 e4 4.
Qe2 Nf6 5. d3 Qxd5 6. Nfd2 Nc6 7. dxe4 Qe6 8. Qc4 Qd7 9. Be2 Bd6 10. O-O O-O 11. Nc3 Re8 12. Nd5 Nxd5 13. Qxd5 Re5 14. Qd3 Qe7 15. c3 Bc5 16. b4 Bb6 17. Bf3 Be6 18. Nc4 Rd8 19. Qe2 h5 20. Bxh5 Bxc4 21. Qxc4 Rxh5 22. Bf4 Ne5 23. Qe2 Rh4 24. Bg3 Rh6 25.
Rad1 Re8 26. Rd5 Re6 27. Qh5 c6 28. Rdd1 Ng6 29. Rd3 Rxe4 30. Bd6 Qf6 31. g3 Re1 32.
Bc5 Bxc5 33. Qxc5 Rxf1+ 34. Kxf1 Qe6 35. Re3 Qh3+ 36. Kg1 Rd8 37. Re1 Qg4 38. Qxa7 Nh4 39. Qb6 Rd6 40. Rf1 Rg6 41. Qe3 Kh7 42. Re1 Nf3+ 43.
Kg2 Nxe1+ 44. Qxe1 Re6 45. Qd2 Qe4+ 46. Kh3 Rh6+ 47. Qxh6+ gxh6 0-1

[Event "Early-Titled-Tuesday-Blitz-September-05-2023"]
[Site "Chess.com"]
[Date "2023.09.05"]
[Round "7"]
[White "fen_fire"]
[Black "karinachess1"]
[Result "1-0"]
[WhiteElo "2486"]
[BlackElo "2576"]
[TimeControl "180+1"]
[EndTime "9:17:13 PDT"]
[Termination "fen_fire won on time"]

1. b3 e5 2. Bb2 Nc6 3. e3 g6 4. Nf3 Bg7 5. d4 d6 6. dxe5 Nge7 7. Nc3 Nxe5 8. Nxe5 Bxe5 9. Qd2 O-O 10. O-O-O Nc6 11.
h4 h5 12. Bc4 Nb4 13. a3 Bxc3 14. Bxc3 Na2+ 15. Kb2 Nxc3 16. Qxc3 Qe7 17. Rd2 c6 18. Qb4 b5 19. Be2 Rd8 20. Qf4 Bf5 21. f3 Qe5+ 22.
Qxe5 dxe5 23. Rhd1 Rxd2 24. Rxd2 Kf8 25. g4 hxg4 26.
fxg4 Be4 27. h5 gxh5 28. gxh5 Ke7 29. c4 a6 30. Bf1 Rh8 31. Rh2 f5 32. Be2 Kf6 33.
Kc3 Kg5 34. Kb4 Rd8 35. Ka5 f4 36. exf4+ exf4 37. Kxa6 Ra8+ 38. Kb6 Rxa3 39. b4 f3 40. Bd1 bxc4 41. h6 Re3 42. h7 Bxh7 43. Bxf3 Rxf3 44.
Rxh7 c3 45. Rc7 Rf6 46. Re7 c2 47. Re1 1-0

[Event "Early-Titled-Tuesday-Blitz-September-05-2023"]
[Site "Chess.com"]
[Date "2023.09.05"]
[Round "7"]
[White "GrumbleBruno"]
[Black "CixPer1968"]
[Result "1-0"]
[WhiteElo "2482"]
[BlackElo "2190"]
[TimeControl "180+1"]
[EndTime "9:17:13 PDT"]
[Termination "GrumbleBruno won by resignation"]

1. e4 c5 2. c3 Nf6 3. e5 Nd5 4.
d4 cxd4 5. cxd4 Nc6 6. Nc3 Nb6 7. Nf3 d5 8. Be2 Bg4 9. Bg5 h6 10. Bh4 g5 11. Bg3 e6 12. h4 Bg7 13. hxg5 hxg5 14.
Rxh8+ Bxh8 15. Nb5 Qe7 16. Nd6+ Kf8 17. Qd2 Bxf3 18.
Bxf3 Nc4 19. Nxc4 dxc4 20. Bxc6 bxc6 21. O-O-O Rd8 22. Qc3 c5 23. Qxc4 cxd4 24. Rxd4 Rb8 25. b3 Qb7 26. Kb2 Qxg2 27. Qc7 Re8 28. Rd7 Qf3 29.
Qxa7 Qf5 30. Qc5+ Kg8 31. Qc2 Bxe5+ 32. Bxe5 Qxe5+ 33. Qc3 Qe2+ 34. Qc2 Qe5+ 35. Qc3 Qe2+ 36. Rd2 Qe4 37. Qf6 Qf4 38. Qxf4 gxf4 39. a4 e5 40. a5 e4 41. b4 f5 42. a6 e3 43.
fxe3 fxe3 44. Rg2+ Kf7 45. b5 f4 46. Rg4 e2 47.
Rxf4+ Kg6 48. Rg4+ Kf5 49. Rg1 e1=Q 50. Rxe1 Rxe1 51.
a7 Re5 52. a8=Q Rxb5+ 53. Kc3 Re5 54. Kd4 Re4+ 55. Qxe4+ 1-0

[Event "Early-Titled-Tuesday-Blitz-September-05-2023"]
[Site "Chess.com"]
[Date "2023.09.05"]
[Round "7"]
[White "milovichalex"]
[Black "GaalZsoka"]
[Result "0-1"]
[WhiteElo "2290"]
[BlackElo "2453"]
[TimeControl "180+1"]
[EndTime "9:17:13 PDT"]
[Termination "GaalZsoka won on time"]

1. e4 c6 2. Nc3 g6 3. d4 d5 4.
Be3 Bg7 5. Qd2 dxe4 6. Nxe4 Nd7 7. O-O-O Ngf6 8. Nxf6+ Nxf6 9. f3 O-O 10. Bh6 c5 11.
Bxg7 Kxg7 12. dxc5 Qc7 13. Qe3 Be6 14. a3 Rac8 15.
Ne2 Qxc5 16. Qxc5 Rxc5 17. Nf4 Bf5 18. Bd3 Bxd3 19. Nxd3 Rc7 20. Rhe1 Rfc8 21. Rd2 b5 22. Kb1 a5 23. Re5 Rb8 24. g4 e6 25. Nf4 Rb6 26. h4 Nd7 27. Re3 b4 28. a4 Nc5 29. b3 Rbc6 30. Re5 Kf6 31. Rde2 Rd7 32. g5+ Kg7 33. h5 Rd4 34. h6+ Kf8 35. Ng2 Rd1+ 36.
Kb2 Rd5 37. Nf4 Rd4 38. Ng2 Ke7 39. Ne3 f5 40. Nc4 Nxa4+ 41. Kc1 Nc3 42. Rd2 a4 0-1

[Event "Early-Titled-Tuesday-Blitz-September-05-2023"]
[Site "Chess.com"]
[Date "2023.09.05"]
[Round "7"]
[White "viktorgen2021"]
[Black "Goryachkina"]
[Result "1/2-1/2"]
[WhiteElo "2488"]
[BlackElo "2664"]
[TimeControl "180+1"]
[EndTime "9:17:14 PDT"]
[Termination "Game drawn by agreement"]

1. d4 Nf6 2. Nf3 d5 3. c4 e6 4.
g3 Bb4+ 5. Bd2 a5 6. Bg2 O-O 7. O-O dxc4 8. Qc2 Bxd2 9. Nbxd2 b5 10. Ne4 Nbd7 11. Ne5 Ra6 12. Nxd7 Bxd7 13. Nc5 Rb6 14. b3 Bc6 15. Rfd1 Bxg2 16. Kxg2 Qa8+ 17. Kg1 cxb3 18. axb3 h6 19. e4 Rd8 20. h3 Rbb8 21. g4 Nd7 22. d5 Nxc5 23. Qxc5 exd5 24. exd5 Rd7 25. Rd2 Qa6 26. Re1 Rbd8 27. Re5 Qb6 28. Qc3 a4 29. bxa4 bxa4 30. Qa3 Qb1+ 31. Kg2 Qb5 32. Qf3 a3 33. Qxa3 c6 34. Re7 Rxe7 35. Qxe7 Rxd5 36. Qe8+ Kh7 37. Qe4+ g6 38. Qe7 Kg7 39. Re2 Qc5 40. Qe4 Qd4 41.
Qf3 Rd7 42. Qxc6 Qd5+ 43. Qxd5 Rxd5 44. Kg3 h5 1/2-1/2

[Event "Early-Titled-Tuesday-Blitz-September-05-2023"]
[Site "Chess.com"]
[Date "2023.09.05"]
[Round "7"]
[White "Shuvalov"]
[Black "KNVB"]
[Result "0-1"]
[WhiteElo "2491"]
[BlackElo "2775"]
[TimeControl "180+1"]
[EndTime "9:17:15 PDT"]
[Termination "KNVB won by resignation"]

1. d4 e5 2. e3 Nc6 3. Nf3 d6 4. c4 g6 5. Nc3 Bg7 6. d5 Nb8 7. e4 a5 8. h3 Na6 9. Be3 Ne7 10. g4 f5 11. gxf5 gxf5 12. Rg1 Bf6 13. Bg5 Ng6 14.
h4 Nc5 15. Nd2 Bxg5 16. Rxg5 Nf4 17. Qf3 h6 18. Rg7 Kf8 19. Rg1 Qxh4 20. O-O-O Qf6 21. Nb3 Nxb3+ 22. axb3 Bd7 23. exf5 Bxf5 24. Ne4 Bxe4 25.
Qxe4 Kf7 26. c5 Rag8 27. Bc4 Rxg1 28. Rxg1 Rg8 29. Qh7+ Rg7 30. Rxg7+ Qxg7 31. Qf5+ Qf6 32. Qd7+ Qe7 33. Qf5+ Kg7 34. Qc8 dxc5 35. Qxb7 h5 36. Qb8 h4 37. d6 Qxd6 38. Qg8+ Kh6 39. Qg4 Qf6 40. Kb1 h3 41. Ka2 h2 42. Qf3 Qh4 43. Qh1 Qh3 44. Qc6+ Kg5 45. Bd5 Nxd5 46. Qxd5 h1=Q 47.
Qxe5+ Qf5 48. Qg3+ Kf6 49. Qc3+ Kf7 50. Qc4+ Qhd5 51. Qa6 Qfe6 52. Qb5 c4 53. f4 Qxb5 0-1

[Event "Early-Titled-Tuesday-Blitz-September-05-2023"]
[Site "Chess.com"]
[Date "2023.09.05"]
[Round "7"]
[White "Good_Knight_Kiss"]
[Black "Speshka"]
[Result "0-1"]
[WhiteElo "2344"]
[BlackElo "2523"]
[TimeControl "180+1"]
[EndTime "9:17:16 PDT"]
[Termination "Speshka won on time"]

1. e4 c5 2. Nf3 a6 3. c4 Nc6 4. d4 cxd4 5. Nxd4 e5 6. Nc2 Nf6 7. Nc3 d6 8. Be2 h6 9. O-O Be7 10. Be3 O-O 11. f3 Rb8 12. Qd2 Be6 13. Rfd1 Nd7 14.
Nd5 b5 15. cxb5 axb5 16. Nxe7+ Nxe7 17. Qxd6 Nc8 18. Qd2 Qc7 19. Nb4 Qb7 20. b3 Ne7 21. Rac1 Rfd8 22. Qd6 Nf6 23. Qxe5 Rxd1+ 24. Rxd1 Ra8 25.
Qd6 Nc8 26. Qd8+ Kh7 27. Qd3 Kg8 28. Qxb5 Qxb5 29. Bxb5 Rb8 30. a4 Bxb3 31. Rd8+ Kh7 32. Nc6 Ra8 33. Ne7 Be6 34. Nxc8 Bxc8 35. Bd4 Kg6 36. Kf2 h5 37. Ke3 h4 38. Kd3 h3 39.
g3 Nh5 40. Ke3 Nxg3 41. Kf2 Nh5 42. Be3 Nf6 43. Bd4 Nh5 44. Bc6 Rb8 45. Be5 Rb4 46. Rxc8 Rc4 0-1

[Event "Early-Titled-Tuesday-Blitz-September-05-2023"]
[Site "Chess.com"]
[Date "2023.09.05"]
[Round "7"]
[White "CraiggoryC"]
[Black "AttilaTurzo"]
[Result "1-0"]
[WhiteElo "2222"]
[BlackElo "2506"]
[TimeControl "180+1"]
[EndTime "9:17:17 PDT"]
[Termination "CraiggoryC won by resignation"]

1. e4 c5 2. Nf3 d6 3. d4 cxd4 4. Nxd4 Nf6 5. Nc3 a6 6. Be3 e5 7. Nb3 Be6 8. f3 Nbd7 9. Qd2 h5 10. Nd5 Nxd5 11. exd5 Bf5 12. Be2 h4 13. O-O Be7 14.
c4 b6 15. f4 exf4 16. Rxf4 Bg6 17. Nd4 Ne5 18. Rf2 Qc7 19. Rc1 h3 20. g3 O-O 21.
Bf4 Rac8 22. b4 Qd7 23. Bxe5 dxe5 24. Nc6 Rxc6 25. Bg4 Qd8 26. dxc6 f5 27. Qxd8 Bxd8 28. Bxh3 Be7 29. a3 e4 30. Rd1 a5 31. Rd7 Bg5 32. c7 axb4 33. axb4 e3 34. Re2 Rc8 35. Kg2 f4 36.
gxf4 Bxf4 37. Rd8+ Kf7 38. Rxc8 Be4+ 39. Kf1 Bb7 40. Rb8 Bxc7 41. Rxb7 Kf6 42. Rxc7 g5 43.
Rg7 Ke5 44. Rxe3+ Kf4 45. Rg3 g4 46. R3xg4+ Kf3 47. R4g6 Kf4 48. Rxb6 Ke3 49. Rd6 Ke4 50. c5 Ke5 51. Re7+ Kf4 52. Rf6+ Kg5 53. c6 Kxf6 54.
Rd7 Ke5 55. c7 Ke4 56. c8=Q Ke5 57. Qe8+ Kf6 58. Rf7+ Kg5 59. Qg8+ 1-0

[Event "Early-Titled-Tuesday-Blitz-September-05-2023"]
[Site "Chess.com"]
[Date "2023.09.05"]
[Round "7"]
[White "SAInt_666"]
[Black "JoliyRoger"]
[Result "1-0"]
[WhiteElo "2699"]
[BlackElo "2483"]
[TimeControl "180+1"]
[EndTime "9:17:19 PDT"]
[Termination "SAInt_666 won on time"]

1. e4 c6 2. d4 d5 3. Nc3 dxe4 4. Nxe4 Bf5 5. Ng3 Bg6 6. h4 h6 7. Nf3 Nd7 8. h5 Bh7 9. Bd3 Bxd3 10. Qxd3 Qc7 11. Bd2 e6 12. O-O-O Ngf6 13. Ne4 O-O-O 14. Kb1 Nc5 15. Nxc5 Bxc5 16. Rh4 Bd6 17. Qe2 Kb8 18. Bc1 Ka8 19. g3 Rhe8 20. a3 a6 21. c4 c5 22.
Be3 cxd4 23. Rhxd4 Nxh5 24. c5 Be7 25. Rxd8+ Rxd8 26. Rxd8+ Bxd8 27. Nd2 Nf6 28. Bd4 Qc6 29. Nc4 Qh1+ 30. Kc2 Qd5 31. Qd3 Ne8 32. Ne3 Qc6 33. Bxg7 Be7 34. Bxh6 Bxc5 35. Kb1 Nd6 36. Bf4 Bxe3 37.
Bxe3 Qe4 38. Kc2 Qxd3+ 39. Kxd3 b5 40. g4 Kb7 41. b3 Kc6 42. Kd4 Ne8 43. Ke5 Kd7 44.
f4 f6+ 45. Ke4 Nd6+ 46. Kd4 Kc6 47. Bd2 1-0

[Event "Early-Titled-Tuesday-Blitz-September-05-2023"]
[Site "Chess.com"]
[Date "2023.09.05"]
[Round "7"]
[White "SaiHanThiha"]
[Black "chess123456s"]
[Result "0-1"]
[WhiteElo "2472"]
[BlackElo "2662"]
[TimeControl "180+1"]
[EndTime "9:17:19 PDT"]
[Termination "chess123456s won by resignation"]

1. Nf3 d5 2. g3 g6 3. Bg2 Bg7 4. O-O e5 5. d3 Nc6 6. c4 dxc4 7. dxc4 e4 8. Qxd8+ Nxd8 9. Nfd2 f5 10. f3 exf3 11. Nxf3 Ne7 12. Bf4 Ne6 13. Nc3 c6 14. Be5 O-O 15.
Rad1 Bxe5 16. Nxe5 Rd8 17. e4 Kg7 18. exf5 Nxf5 19.
g4 Ne3 20. Rf7+ Kg8 21. Rxd8+ Nxd8 22. Re7 Bxg4 23. Ne4 Be6 24. Nf6+ Kf8 25. Rxh7 Bf7 26. Be4 Ke7 27. Nfd7 Nxc4 28. Bxg6 Nxe5 29. Nxe5 Kf6 30.
Bxf7 Kxe5 31. Bb3 Rc8 32. h4 c5 33. Bc4 a6 34. a4 Kd4 35. b3 Kc3 36. a5 Kb4 37. h5 Kxa5 38. h6 Rc6 39. Rh8 Rg6+ 40. Kf2 Ne6 41. h7 Ng5 42. Rg8 Rf6+ 43. Kg3 Nxh7 44.
Rg7 b5 45. Rb7 bxc4 46. bxc4 Ng5 0-1

[Event "Early-Titled-Tuesday-Blitz-September-05-2023"]
[Site "Chess.com"]
[Date "2023.09.05"]
[Round "7"]
[White "IM_Tissir"]
[Black "Amirreza_p"]
[Result "0-1"]
[WhiteElo "2456"]
[BlackElo "2609"]
[TimeControl "180+1"]
[EndTime "9:17:19 PDT"]
[Termination "Amirreza_p won by resignation"]

1. e4 c6 2. d4 d5 3. Nc3 dxe4 4. Nxe4 Nf6 5. Nxf6+ exf6 6. c3 Bd6 7. Bd3 O-O 8. Ne2 Re8 9. Qc2 h5 10. Be3 Nd7 11.
O-O-O Nf8 12. c4 Be6 13. Nc3 Rc8 14. Kb1 Bb4 15. Ne2 Bd6 16. h3 b5 17. d5 cxd5 18.
c5 a6 19. Nf4 d4 20. Nxe6 Nxe6 21. Bxd4 Nxd4 22. Bh7+ Kh8 23. Rxd4 Rxc5 24. Qd3 Rc6 25. Rd1 Qc7 26. Be4 Rc4 27. Qf3 Rxd4 28. Qxh5+ Kg8 29. Qh7+ Kf8 30. Rxd4 Be5 31. Rd1 g6 32. Qh8+ Ke7 33.
Qh4 Rd8 34. Rc1 Qd6 35. Bf3 Qd2 36. Rc2 Qe1+ 37. Rc1 Qd2 38. Rc2 Qd6 39. a3 a5 40.
Qe4 f5 41. Qb7+ Rd7 42. Qxb5 Kf6 43. Qc4 Rc7 44. Ka2 Rxc4 0-1

[Event "Early-Titled-Tuesday-Blitz-September-05-2023"]
[Site "Chess.com"]
[Date "2023.09.05"]
[Round "7"]
[White "amintabatabaei"]
[Black "Shield12"]
[Result "1/2-1/2"]
[WhiteElo "3023"]
[BlackElo "2960"]
[TimeControl "180+1"]
[EndTime "9:17:21 PDT"]
[Termination "Game drawn by repetition"]

1. c4 e5 2. Nf3 e4 3. Nd4 Nc6 4. e3 Nxd4 5. exd4 Qf6 6. Nc3 Qxd4 7. d3 Bb4 8. a3 Bxc3+ 9. bxc3 Qxc3+ 10. Bd2 Qe5 11.
dxe4 Qxe4+ 12. Be2 Qxg2 13. Bf3 Qg6 14. Kf1 Ne7 15.
Rg1 Qf6 16. Bg5 Qe6 17. Ra2 Ng6 18. Re2 Ne5 19. Bf4 d6 20. Rxg7 Qf6 21. Qd4 Qxg7 22. Bxe5 Bh3+ 23. Ke1 dxe5 24. Rxe5+ Be6 25. Rxe6+ Kf8 26.
Qc5+ Kg8 27. Re5 h6 28. Be4 c6 29. f4 Rd8 30. Qe7 Qg1+ 31. Ke2 Qd1+ 32. Ke3 Qe1+ 33. Kf3 Qf1+ 34. Ke3 Qg1+ 35. Kf3 Kg7 36. Rf5 Rhf8 37. Qf6+ Kg8 38. Qxh6 Qf1+ 39. Ke3 Qg1+ 40. Kf3 Qh1+ 41.
Kg3 Qg1+ 42. Kh3 Qf1+ 43. Kg3 Qg1+ 44. Kh3 Qf1+ 45. Kg3 Qg1+ 1/2-1/2

[Event "Early-Titled-Tuesday-Blitz-September-05-2023"]
[Site "Chess.com"]
[Date "2023.09.05"]
[Round "7"]
[White "MusicCityMaster"]
[Black "noblerone"]
[Result "1-0"]
[WhiteElo "2378"]
[BlackElo "2527"]
[TimeControl "180+1"]
[EndTime "9:17:21 PDT"]
[Termination "MusicCityMaster won by resignation"]

1. e4 d5 2. exd5 Qxd5 3. Nc3 Qd8 4. d4 Nf6 5. Nf3 Bg4 6. Bc4 e6 7. h3 Bxf3 8. Qxf3 c6 9. Be3 Nbd7 10. Bb3 Nb6 11. Ne4 Nbd5 12. Bd2 Nxe4 13. Qxe4 b5 14. c3 Be7 15. O-O Bf6 16. Rae1 O-O 17. Bc2 g6 18. Bh6 Bg7 19. Bxg7 Kxg7 20. f4 Re8 21. Rf2 a5 22. g4 f5 23. Qg2 Qf6 24. Re5 fxg4 25. Qxg4 Ra7 26. h4 Rf7 27. h5 Nxf4 28.
Rg2 Nxg2 29. Qxg2 Qf3 30. Qxf3 Rxf3 31. Be4 Re3 32. Kf2 Rxe4 33. Rxe4 Kf6 34. hxg6 hxg6 35. Re5 Rd8 36. Rc5 Rd6 37. a4 b4 38. Rxa5 bxc3 39.
bxc3 Rd8 40. Rc5 Ra8 41. a5 Ra6 42. Kf3 Ke7 43. Kf4 Kf6 44. c4 Ra8 45. Rxc6 Rxa5 46. d5 g5+ 47. Ke4 Ra4 48. Rxe6+ Kf7 49. Kd4 Ra1 50. Re4 Kf6 51. d6 Kf5 52. Re5+ Kf6 53. Re2 Rd1+ 54. Kc5 g4 55. Kc6 Rc1 56. c5 Kf5 57. d7 Rd1 58. Kc7 Kf4 59. d8=Q Rxd8 60. Kxd8 Kf3 61. Re7 g3 62. Rg7 1-0

[Event "Early-Titled-Tuesday-Blitz-September-05-2023"]
[Site "Chess.com"]
[Date "2023.09.05"]
[Round "7"]
[White "Agibileg"]
[Black "Duong57"]
[Result "1-0"]
[WhiteElo "2674"]
[BlackElo "2495"]
[TimeControl "180+1"]
[EndTime "9:17:22 PDT"]
[Termination "Agibileg won on time"]

1. d4 d5 2. c4 e6 3. Nc3 c6 4. Nf3 dxc4 5. g3 b5 6. Bg2 Bb7 7. O-O Nf6 8. a4 b4 9. Nb1 c5 10. Qc2 cxd4 11. Qxc4 Bd5 12. Qxd4 Nc6 13. Qd3 Be7 14.
Bg5 O-O 15. Nbd2 Na5 16. Rfd1 h6 17. Bxf6 Bxf6 18. e4 Bb7 19. Qe2 Qb6 20. e5 Be7 21.
Ne4 Rfd8 22. h4 Rac8 23. h5 Nb3 24. Rxd8+ Rxd8 25. Re1 Ba6 26. Qc2 Na5 27. Nd6 Bxd6 28. exd6 Qxd6 29. Ne5 b3 30. Qc3 Qb6 31. Qf3 Qc7 32.
Ng4 Bb7 33. Qe3 Bxg2 34. Kxg2 Qc6+ 35. Kh2 Qc4 36. Ne5 Qd4 37. Qf3 Rf8 38. Re4 Qxb2 39. Nd3 Qc3 40. Rg4 b2 41. Qd1 Rb8 42. Nxb2 Qxb2 43. Qf3 1-0

[Event "Early-Titled-Tuesday-Blitz-September-05-2023"]
[Site "Chess.com"]
[Date "2023.09.05"]
[Round "7"]
[White "DeArron_Fox"]
[Black "wqws"]
[Result "0-1"]
[WhiteElo "2512"]
[BlackElo "2634"]
[TimeControl "180+1"]
[EndTime "9:17:22 PDT"]
[Termination "wqws won on time"]

1. d4 Nf6 2. c4 g6 3. Nc3 Bg7 4. e4 d6 5. f3 O-O 6. Be3 Nbd7 7.
Nge2 e5 8. Qd2 Re8 9. O-O-O a6 10. h4 b5 11. Bh6 Bh8 12. g4 Nb6 13. c5 Nc4 14. Qe1 dxc5 15. dxe5 Nd7 16. f4 b4 17. Na4 Qe7 18. Ng3 Ndb6 19. Nxb6 Nxb6 20. h5 Bxg4 21. Be2 Bxe2 22. Qxe2 Qe6 23. hxg6 fxg6 24. Kb1 Rad8 25. Rxd8 Rxd8 26. Bg5 Rd7 27. Rg1 Qc4 28. Qxc4+ Nxc4 29. Bf6 Nd2+ 30. Kc1 Nf3 31. Rf1 Nd4 32. f5 Bxf6 33. exf6 gxf5 34. Nxf5 Nxf5 35. Rxf5 c4 36. e5 Kf7 37. Rh5 Ke6 38. Kc2 c5 39. b3 c3 40. Kc1 a5 41. Kc2 Rf7 42. Kc1 Rb7 43. Kc2 Rd7 44. Kc1 a4 45. bxa4 c4 46. Kc2 Rd2+ 47. Kc1 Rxa2 48. Rxh7 Ra1+ 49. Kc2 Ra2+ 50. Kc1 b3 51. Re7+ Kf5 52. Kb1 c2+ 53. Kc1 Ra1+ 0-1

[Event "Early-Titled-Tuesday-Blitz-September-05-2023"]
[Site "Chess.com"]
[Date "2023.09.05"]
[Round "7"]
[White "ChainedDowntohell"]
[Black "psychokiller48"]
[Result "1-0"]
[WhiteElo "2592"]
[BlackElo "2689"]
[TimeControl "180+1"]
[EndTime "9:17:23 PDT"]
[Termination "ChainedDowntohell won by resignation"]

1. a3 e5 2. c4 c6 3. d4 exd4 4. Qxd4 d5 5. Nf3 Nf6 6. Bf4 Na6 7. e3 Be7 8. Nc3 Nc5 9. Rd1 dxc4 10. Qxd8+ Bxd8 11. Bxc4 O-O 12. Bd6 Be6 13. Bxe6 Nxe6 14. Bxf8 Kxf8 15. Ke2 Bc7 16. h3 Re8 17. Rhe1 Ba5 18.
b4 Bc7 19. Nd4 Nxd4+ 20. Rxd4 a5 21. b5 Be5 22. Rc4 Bxc3 23. Rxc3 cxb5 24. Rb1 Ne4 25. Rc7 Re7 26. Rxe7 Kxe7 27. Kd3 Nd6 28. Kd4 Kd7 29. Kd5 Kc7 30. Rc1+ Nc4 31. a4 Kb6 32. axb5 Na3 33. Rc8 Nxb5 34. Rf8 a4 35. Kc4 Kc6 36.
Kb4 Nd6 37. Rh8 h6 38. Rh7 Ne8 39. Rh8 Kd7 40. Kxa4 Nd6 41. Kb4 Ne4 42. f3 Nd2 43. Rb8 Nf1 44. Rxb7+ Ke6 45. e4 Ne3 46. g3 Nf1 47. g4 g5 48. Kc4 Nd2+ 49. Kd3 Nxf3 50.
Ke3 Ng1 51. Rb6+ Ke5 52. Rxh6 f6 53. Rh7 Ke6 54. Kf2 1-0

[Event "Early-Titled-Tuesday-Blitz-September-05-2023"]
[Site "Chess.com"]
[Date "2023.09.05"]
[Round "7"]
[White "unclear15"]
[Black "ZuraTqebuchava"]
[Result "1-0"]
[WhiteElo "2409"]
[BlackElo "2254"]
[TimeControl "180+1"]
[EndTime "9:17:23 PDT"]
[Termination "unclear15 won on time"]

1. e4 e5 2. Nf3 Nc6 3. Bc4 Be7 4.
d4 exd4 5. c3 d6 6. cxd4 Nf6 7.
Nc3 O-O 8. h3 Nxe4 9. Nxe4 d5 10. Bxd5 Qxd5 11. Nc3 Qc4 12. Be3 Bf5 13. Rc1 Rfe8 14.
d5 Nb4 15. Ne5 Qa6 16. a3 Nd3+ 17. Nxd3 Bxd3 18. Qf3 Bg5 19. Kd2 Bxe3+ 20. fxe3 Rad8 21. e4 Bc4 22. Kc2 Qb6 23. Kb1 Qb3 24. Rhe1 f6 25. Qd1 Qxd1 26. Rcxd1 Re5 27. Kc2 Rde8 28. b3 Ba6 29. b4 b6 30. d6 cxd6 31. Rxd6 Rc8 32. Kb3 Bb7 33. Nd5 Bxd5+ 34. Rxd5 Rce8 35. Rd7 R5e7 36. Rxe7 Rxe7 37. Kc4 Kf7 38. Kd5 Rd7+ 39. Kc6 Rd2 40. Kb7 Rd7+ 41. Kc6 Re7 42. Kd5 Kg6 43. e5 Kg5 44. e6 f5 45. Kd6 Kf6 46. g4 g6 47. g5+ 1-0

[Event "Early-Titled-Tuesday-Blitz-September-05-2023"]
[Site "Chess.com"]
[Date "2023.09.05"]
[Round "7"]
[White "Lennis93"]
[Black "vladgoncharov"]
[Result "1-0"]
[WhiteElo "2823"]
[BlackElo "2562"]
[TimeControl "180+1"]
[EndTime "9:17:24 PDT"]
[Termination "Lennis93 won by resignation"]

1. Nf3 Nf6 2. c4 c5 3. Nc3 Nc6 4. d4 cxd4 5. Nxd4 e6 6. Bf4 a6 7. Nxc6 bxc6 8. Bd6 Bxd6 9. Qxd6 Qe7 10. c5 Qxd6 11. cxd6 Rb8 12. b3 Nd5 13. Na4 f5 14. e3 a5 15. Bc4 Nf6 16. f3 Kf7 17. Ke2 g5 18. Nc5 Ne8 19. Rad1 Kf6 20. Bxe6 Nxd6 21. Rxd6 dxe6 22. Rxc6 Rd8 23. Rd1 Rxd1 24. Kxd1 Ke7 25. e4 fxe4 26. fxe4 h5 27. e5 Kd8 28. Nxe6+ Kd7 29.
Rd6+ Ke7 30. Nxg5 Rb5 31. Nf3 Bg4 32. Kd2 Bxf3 33. gxf3 Rxe5 34. Ra6 h4 35. f4 Rd5+ 36. Ke3 Rc5 37. Ke4 h3 38. f5 Kf7 39. Kf4 Rc2 40. Rxa5 Rxh2 41. Kg3 Rh1 42. Ra6 Ke7 43. f6+ Kf7 44.
Kf2 Kg6 45. Kg3 Kf7 46. Rb6 h2 47. a4 Kg6 48. Kg2 Ra1 49. Kxh2 Kf7 50. Kg3 Ra2 51. Kf4 Rc2 52. Ke5 Rc1 53. Rb7+ Kg6 54. Rg7+ Kh6 55. Rg3 Re1+ 56. Kd6 1-0